 Dungeon Crawl Stone Soup version 0.28-a0-390-gb254ac4902 (webtiles) character file.

Game seed: 7928202146073920036

1974 Zebbs the Cleaver (level 9, -12/78 HPs)
             Began as a Minotaur Fighter on Sept 3, 2021.
             Was a Believer of Okawaru.
             Mangled by a fire elemental (14 damage)
             ... summoned by a deep elf pyromancer
             ... on level 6 of the Dungeon.
             The game lasted 00:14:47 (6526 turns).

Zebbs the Cleaver (Minotaur Fighter)                Turns: 6526, Time: 00:14:49

Health: -12/78     AC: 17    Str: 25    XL:     9   Next: 0%
Magic:  8/8        EV:  7    Int:  5    God:    Okawaru [**....]
Gold:   191        SH:  4    Dex:  9    Spells: 8/8 levels left

rFire   . . .      SeeInvis .   a - +0 war axe
rCold   . . .      Faith    .   c - +0 buckler
rNeg    . . .      Spirit   .   m - +0 plate armour
rPois   .          Reflect  .   (helmet restricted)
rElec   .          Harm     .   r - +0 cloak
rCorr   .          Rampage  .   i - +0 pair of gloves
Will    +....                   w - +0 pair of boots
Stlth   ..........              (no amulet)
HPRegen 0.23/turn               k - +4 ring of slaying
MPRegen 0.11/turn               g - ring of willpower

@: no status effects
A: horns 2, retaliatory headbutt
a: Renounce Religion, Heroism


You were on level 6 of the Dungeon.
You worshipped Okawaru.
Okawaru was pleased with you.
You visited 2 branches of the dungeon, and saw 7 of its levels.

You collected 191 gold pieces.

Inventory:

Hand Weapons
 a - a +0 war axe (weapon)
Armour
 c - a +0 buckler (worn)
 i - a +0 pair of gloves (worn)
 m - a +0 plate armour (worn)
 r - a +0 cloak (worn)
 w - a +0 pair of boots (worn)
Jewellery
 g - a ring of willpower (right hand)
 k - a +4 ring of slaying (left hand)
 s - a ring of protection from cold
 A - a ring of protection from cold
Wands
 f - a wand of polymorph (7)
 D - a wand of paralysis (8)
Scrolls
 b - 2 scrolls of holy word
 l - 3 scrolls of teleportation
 o - a scroll of magic mapping
 u - 3 scrolls of fog
 y - a scroll of amnesia {unknown}
 z - a scroll of blinking {unknown}
 B - a scroll of enchant armour {unknown}
 C - a scroll of identify
Potions
 d - 2 potions of might
 e - a potion of berserk rage {unknown}
 h - a potion of ambrosia {unknown}
 j - a potion of invisibility {unknown}
 n - 4 potions of resistance
 p - 2 potions of heal wounds
 q - 3 potions of flight
 t - a potion of degeneration {unknown}
 v - a potion of brilliance {unknown}
 x - 2 potions of curing {unknown}
 E - a potion of haste {unknown}


   Skills:
 + Level 6.6 Fighting
 + Level 9.9 Axes
 + Level 7.9 Armour
 + Level 2.1 Dodging
 + Level 0.4 Stealth
 + Level 5.3 Shields


You had 8 spell levels left.
You didn't know any spells.
Your spell library contained the following spells:

 Spells                   Type           Power      Damage    Failure   Level
 Freeze                   Ice            0%         1d3       99%         1
 Dazzling Flash           Conj/Hex       0%         N/A       100%        3
 Frozen Ramparts          Ice            0%         1d2       100%        3
 Hailstorm                Conj/Ice       0%         3d3       100%        4
 Iskenderun's Mystic Bla  Conj/Tloc      0%         2d3       100%        4
 Starburst                Conj/Fire      0%         6d3       100%        6


Dungeon Overview and Level Annotations

Branches:
Dungeon (6/15)             Temple (1/1) D:4

Altars:
Ashenzari
Cheibriados
Dithmenos
Elyvilon
Fedhas
Gozag
Hepliaklqana
Kikubaaqudgha
Makhleb
Nemelex Xobeh
Okawaru
Qazlal
Ru
Sif Muna
Trog
Uskayaw
Vehumet
Wu Jian
Xom
Yredelemnul
Zin
The Shining One

Shops:
D:2 *


Innate Abilities, Weirdness & Mutations

You have a pair of horns on your head.
You reflexively headbutt those who attack you in melee.


Message History

The deep elf pyromancer shouts!
The deep elf pyromancer gestures wildly while chanting.
Found 9 gold pieces.
The fire elemental hits you. The fire elemental burns you!
There is an open gate here.
Your plate armour prevents you from hitting the deep elf pyromancer.
You hit the fire elemental. You miss the fire elemental.
The fire elemental closely misses you. The fire elemental hits you.
The fire elemental burns you!
The deep elf pyromancer hits you but does no damage.
You miss the deep elf pyromancer.
Your headbutt misses the deep elf pyromancer.
You hit the fire elemental. x2; The fire elemental hits you.
The fire elemental burns you! The fire elemental hits you.
The fire elemental burns you!
The deep elf pyromancer hits you but does no damage.
You closely miss the deep elf pyromancer.
You slash the fire elemental! You hit the fire elemental.
The fire elemental hits you. The fire elemental burns you!
You block the fire elemental's attack.
The deep elf pyromancer points at you and mumbles some strange words.
The sticky flame hits you but does no damage.
You are covered in liquid flames!
The fire elemental hits you. The fire elemental burns you!
The fire elemental barely misses you. You furiously retaliate!
You headbutt the fire elemental.
You barely miss the deep elf pyromancer.
You barely miss the fire elemental. You hit the fire elemental.
You are covered in liquid flames!
The fire elemental hits you. The fire elemental burns you!
The fire elemental hits you. The fire elemental burns you!
* * * LOW HITPOINT WARNING * * *
The deep elf pyromancer hits you but does no damage.
You fail to use your ability.
You are covered in liquid flames!
* * * LOW HITPOINT WARNING * * *
The fire elemental hits you. The fire elemental burns you!
* * * LOW HITPOINT WARNING * * *
The fire elemental hits you. The fire elemental burns you!
You die...

..>.....................[........
.....................############
........)............#
.....................#####
.........................##
.............###########..#
#.########.#.#............# ..#
#.#.#............# ###
#.#.#'E@######8..# #
#.#.#.eE+........# #
###.#.#...+........# #
#.....#⌠..+........#
###.....#+++######8..#####
#.).....# ..............#
#.###+#.# .........####.##
###.###...###########........
####○....#.#..................##


You could see a deep elf pyromancer and 2 fire elementals.

Vanquished Creatures
  A steam dragon (D:6)
  An orc warrior (D:6)
  3 sky beasts
  2 centaurs
  4 ogres
  6 scorpions
  A water moccasin skeleton (D:4)
  Crazy Yiuf (D:4)
  2 jellies
  5 hounds
  A gnoll shaman (D:3)
  Jessica (D:2)
  Ijyb (D:3)
  2 iguanas
  A howler monkey zombie (D:5)
  8 gnolls (D:3)
  5 adders
  An ufetubus (D:6)
  A worm (D:2)
  An adder skeleton (D:5)
  2 dart slugs
  8 orcs
  4 endoplasms
  5 giant cockroaches
  7 goblins
  7 hobgoblins
  4 quokkas
  8 ball pythons
  13 bats
  4 frilled lizards
  6 kobolds
  6 rats
122 creatures vanquished.

Vanquished Creatures (others)
  A necrophage (D:5)
  9 fungi
  25 plants
35 creatures vanquished.

Grand Total: 157 creatures vanquished

Notes
Turn   | Place    | Note
-------+----------+-------------------------------------------
     0 | D:1      | Zebbs the Minotaur Fighter began the quest for the Orb.
     0 | D:1      | Reached XP level 1. HP: 19/19 MP: 0/0
   590 | D:1      | Reached XP level 2. HP: 26/27 MP: 1/1
   605 | D:1      | Found a faded altar of an unknown god.
  1103 | D:1      | You fall into a shaft and drop 1 floor!
  1117 | D:2      | Reached skill level 3 in Axes
  1117 | D:2      | Reached XP level 3. HP: 31/33 MP: 2/2
  1348 | D:2      | Reached XP level 4. HP: 36/40 MP: 3/3
  1414 | D:2      | Noticed Jessica
  1419 | D:2      | Killed Jessica
  1420 | D:2      | Reached skill level 4 in Axes
  1566 | D:2      | Found Teafocy's Assorted Antiques.
  1787 | D:3      | Noticed an ogre
  1789 | D:3      | Noticed Ijyb
  1792 | D:3      | Killed an ogre
  1793 | D:3      | Reached skill level 5 in Axes
  1793 | D:3      | Reached XP level 5. HP: 28/47 MP: 4/4
  1797 | D:3      | Reached skill level 5 in Armour
  1799 | D:3      | Killed Ijyb
  1800 | D:3      | Reached XP level 6. HP: 28/53 MP: 5/5
  2222 | D:3      | Reached skill level 5 in Fighting
  2773 | D:4      | Reached skill level 6 in Axes
  2795 | D:4      | Found a runed translucent door.
  2796 | D:4      | Noticed Crazy Yiuf
  2803 | D:4      | Killed Crazy Yiuf
  2813 | D:4      | Identified the +1 mace "Goblinslayer" {pain, rF+ rCorr
                  | Str+3}
  2903 | D:4      | Reached skill level 1 in Dodging
  2903 | D:4      | Reached XP level 7. HP: 56/61 MP: 6/6
  3064 | D:4      | Found a staircase to the Ecumenical Temple.
  3079 | Temple   | Entered the Ecumenical Temple
  3442 | Temple   | Became a worshipper of Warmaster Okawaru
  3951 | D:5      | Entered Level 5 of the Dungeon
  3978 | D:5      | Reached skill level 7 in Axes
  4371 | D:5      | Reached * piety under Okawaru
  4372 | D:5      | Reached XP level 8. HP: 70/70 MP: 7/7
  5016 | D:5      | Reached skill level 8 in Axes
  5346 | D:6      | Reached skill level 5 in Shields
  5404 | D:6      | Reached skill level 9 in Axes
  5462 | D:6      | Reached ** piety under Okawaru
  6316 | D:6      | Found a stormy altar of Qazlal.
  6337 | D:6      | Reached XP level 9. HP: 63/78 MP: 8/8
  6520 | D:6      | Noticed a deep elf pyromancer
  6526 | D:6      | HP: 2/78 [fire elemental[a deep elf pyromancer] (8)]
  6526 | D:6      | Mangled by a fire elemental

Illustrated notes

Levels and vault maps discovered:
D:1:      matt_arrival_diagonals, layout_loops_corners,
          chequers_ecumenical_altar_simple
D:2:      layout_loops_ring, serial_shops, nicolae_shop_overgrown_old_shop,
          kennysheep_jessica_study
D:3:      layout_loops_ring, hangedman_decor_growths, uniq_ijyb
D:4:      layout_cave_pools, minmay_temple_entry_nine_rooms, kennysheep_boxes,
          uniq_crazy_yiuf_cottage
D:5:      old_forge, layout_cave_pods, serial_bayou, serial_bayou_pond_e,
          serial_bayou_pond_d, serial_bayou_crossing, serial_bayou_pond_e,
          minivault_14, lemuel_old_faithful
D:6:      layout_basic, grunt_qazlal_clouds, serial_rivers,
          chequers_serial_rivers_large_a, chequers_serial_rivers_micro_c,
          chequers_serial_rivers_small_3, chequers_serial_rivers_small_a,
          guppyfry_early_elven_hall
Temple:   regret_index_temple_sigil_plot

Skill      XL: |  1  2  3  4  5  6  7  8 |
---------------+-------------------------+-----
Armour         | 4 5 6 7 |  7.9
Shields        | 4 5 |  5.3
Fighting       | 4 5 6 |  6.6
Axes           | 3 5 6 7 9 |  9.9
Dodging        | 1 2 |  2.1
Stealth        | |  0.4

Action                   |  1- 3 |  4- 6 |  7- 9 || total
-------------------------+-------+-------+-------++-------
Melee: War axe           |    55 |    67 |   131 ||   253
       Headbutt          |     8 |    13 |    27 ||    48
  Use: Scroll            |     3 |     4 |     4 ||    11
       Potion            |       |     1 |       ||     1
Armor: Scale mail        |    26 |       |       ||    26
       Plate armour      |     5 |    35 |   115 ||   155
Dodge: Dodged            |    30 |    24 |    58 ||   112
Block: Buckler           |    10 |    11 |    33 ||    54

Table legend: (Time is in decaauts)
 A = Elapsed time spent in this place.
 B = Non-inter-level travel time spent in this place.
 C = Inter-level travel time spent in this place.
 D = Time resting spent in this place.
 E = Time spent auto-exploring this place.
 F = Levels seen in this place.
 G = Mean time per level.
                   A        B        C        D        E       F      G
               +--------+--------+--------+--------+--------+-----+--------+
         Total |   6600 |   6600 |      0 |   1176 |   3897 |   7 |  942.9 |
       Dungeon |   6217 |   6217 |      0 |   1176 |   3654 |   6 | 1036.2 |
        Temple |    383 |    383 |      0 |      0 |    243 |   1 |  383.0 |
               +--------+--------+--------+--------+--------+-----+--------+

Top non-repeatable levels by time:
     D:5: 1340 daAuts
     D:6: 1272 daAuts
     D:1: 1117 daAuts
     D:3: 977 daAuts
     D:4: 821 daAuts
     D:2: 688 daAuts
  Temple: 383 daAuts
